 Dungeon Crawl Stone Soup version 0.31-a0-1308-ga3cce3a448 (webtiles) character file.

Game seed: 5061464638555285855

30 mopl the Trooper (level 3, -2/29 HPs)
             Began as a Demonspawn Fighter on Dec 19, 2023.
             Slain by a worm (9 damage)
             ... on level 2 of the Dungeon.
             The game lasted 00:01:44 (864 turns).

mopl the Trooper (Demonspawn Fighter)                Turns: 864, Time: 00:01:45

Health: -2/29      AC:  6    Str: 18    XL:     3   Next: 3%
Magic:  3/3        EV:  9    Int:  8    God:
Gold:   52         SH:  4    Dex: 14    Spells: 2/2 levels left

rFire   . . .        a - +0 war axe
rCold   . . .        c - +0 buckler
rNeg    . . .        b - +0 scale mail
rPois   +            (no helmet)
rElec   .            (no cloak)
rCorr   .            (no gloves)
SInv    .            (no boots)
Will    .....        (no amulet)
Stlth   +            k - ring of poison resistance
HPRegen 0.24/turn    (no ring)
MPRegen 0.08/turn

%: no passive effects
@: no status effects
A: thin skeletal structure 1
a: no special abilities


You were on level 2 of the Dungeon.
You visited 1 branch of the dungeon, and saw 2 of its levels.

You collected 52 gold pieces.

Inventory:

Hand Weapons
 a - a +0 war axe (weapon)
Missiles
 i - a throwing net
 o - 5 poisoned darts
Armour
 b - a +0 scale mail (worn)
 c - a +0 buckler (worn)
 l - the +0 leather armour of Hedonism {^Contam rElec rC++ Slay+5}
   (You found it on level 2 of the Dungeon)

   Slay+5:    It affects your accuracy & damage with ranged weapons and melee
   (+5).
   rC++:      It greatly protects you from cold.
   rElec:     It insulates you from electricity.
   ^Contam:   It causes magical contamination when unequipped.
 n - a +0 plate armour
Jewellery
 k - a ring of poison resistance (left hand)
Scrolls
 f - a scroll of brand weapon {unknown}
 h - a scroll of identify {unknown}
 j - a scroll of blinking {unknown}
 m - a scroll of poison {unknown}
Potions
 d - 2 potions of might
 e - 7 potions of degeneration {unknown}
 g - a potion of haste {unknown}


   Skills:
 + Level 3.2 Fighting
 * Level 2.4 Axes
 + Level 2.9 Armour
 + Level 0.9 Dodging
 - Level 2.6 Shields


You had 2 spell levels left.
You didn't know any spells.
Your spell library contained the following spells:

 Spells                   Type           Power      Damage    Failure   Level
 Inner Flame              Hex/Fire       0%         N/A       99%         3
 Flame Wave               Conj/Fire      0%         2d4       100%        4
 Sticky Flame             Conj/Fire      0%         2d3       100%        4


Dungeon Overview and Level Annotations

Branches:
Dungeon (2/15)

Altars:
Hepliaklqana


Innate Abilities, Weirdness & Mutations

You have a somewhat thin skeletal structure. (Dex +2, Stealth+)


Message History

You feel sick. The adder bites you but does no damage.
The adder closely misses you.
You are too injured to fight recklessly!
You are too injured to fight recklessly!
You are too injured to fight recklessly!
You are too injured to fight recklessly!
You are too injured to fight recklessly!
You are too injured to fight recklessly!
You are too injured to fight recklessly!
You are too injured to fight recklessly!
You are too injured to fight recklessly!
You are too injured to fight recklessly!
You are too injured to fight recklessly!
You are too injured to fight recklessly!
You are too injured to fight recklessly!
You are too injured to fight recklessly!
You are too injured to fight recklessly!
You hit the adder.
You kill the adder!
You feel sick.
You have reached level 3!
Your experience leads to an increase in your attributes!
Increase (S)trength, (I)ntelligence, or (D)exterity?
You feel stronger. x2
You hit the worm.
The worm is lightly wounded.
You feel sick. The worm bites you but does no damage.
You slash the worm!
The worm is heavily wounded.
You feel sick.
You hit the worm.
The worm is severely wounded.
You feel sick.
You are no longer poisoned.
The worm bites you.
* * * LOW HITPOINT WARNING * * *
You hit the worm.
The worm is severely wounded.
The worm bites you!
You die...

. # ##. .## #.# ## #.
#.. .. ##.## ....##>##.
#...# #.#.#.#.## #...#
###........# #...#
......w....######...####
#@#..##...........
#.................
##.#.##...........
#.#.#####......## ....#
#....#.# ##.### #....#.#
..# #....#.# ####
#......# ###.#####


You could see a worm.

Vanquished Creatures
  An adder (D:2)
  A worm (D:2)
  2 dart slugs
  An endoplasm (D:2)
  5 goblins (D:1)
  A hobgoblin (D:1)
  4 jackals (D:1)
  3 quokkas
  3 ball pythons
  2 frilled lizards
  2 kobolds (D:1)
  A rat (D:1)
26 creatures vanquished.

Notes
Turn   | Place    | Note
-------+----------+-------------------------------------------
     0 | D:1      | mopl the Demonspawn Fighter began the quest for the Orb.
     0 | D:1      | Reached XP level 1. HP: 18/18 MP: 1/1
    25 | D:1      | Found a faded altar of an unknown god.
    36 | D:1      | Prayed at the altar of an unknown god.
    36 | D:1      | Became a worshipper of Hepliaklqana the Forgotten
    36 | D:1      | Reached * piety under Hepliaklqana
    37 | D:1      | Fell from the grace of Hepliaklqana
   367 | D:1      | Was forgiven by Hepliaklqana
   367 | D:1      | Reached skill level 2 in Axes
   587 | D:1      | Gained mutation: You have a somewhat thin skeletal
                  | structure. (Dex +2, Stealth+) [demonic ancestry]
   587 | D:1      | Reached XP level 2. HP: 23/24 MP: 2/2
   749 | D:2      | Identified the +0 leather armour of Hedonism {^Contam rElec
                  | rC++ Slay+5}
   861 | D:2      | Reached XP level 3. HP: 13/29 MP: 3/3
   864 | D:2      | Slain by a worm

Illustrated notes

Levels and vault maps discovered:
D:1:      reono_arrival_mine, layout_loops_ring,
          shapermc_ecumenical_altar_totnotflames
D:2:      layout_loops_cross, uniq_robin

Skill      XL: |  1 |
---------------+----+-----
Axes           | 2 |  2.4
Fighting       | |  3.2
Armour         | |  2.9
Dodging        | |  0.9
Shields        | |  2.6

Action                     || total
---------------------------++-------
  Melee: War axe           ||    65
 Invoke: Renounce Religion ||     1
 Armour: Scale mail        ||    42
  Dodge: Dodged            ||    34
  Block: Buckler           ||    11

Table legend: (Time is in decaauts)
 A = Elapsed time spent in this place.
 B = Non-inter-level travel time spent in this place.
 C = Inter-level travel time spent in this place.
 D = Time resting spent in this place.
 E = Time spent auto-exploring this place.
 F = Levels seen in this place.
 G = Mean time per level.
                   A        B        C        D        E       F      G
               +--------+--------+--------+--------+--------+-----+--------+
         Total |    891 |    852 |     39 |      0 |    661 |   2 |  445.5 |
       Dungeon |    891 |    852 |     39 |      0 |    661 |   2 |  445.5 |
               +--------+--------+--------+--------+--------+-----+--------+

Top non-repeatable levels by time:
     D:1: 724 daAuts
     D:2: 167 daAuts
